Map: Miner Evacuation

Players

monk

  • Race: Protoss Protoss
  • Spawn Location: 7:00

sTkmonk

  • Race: Terran Terran
  • Spawn Location: 7:00

VOD

Have the link to the VOD?

Description

Time

  • Played on: Sept. 21, 2017, 6:37 p.m.
  • Length: 24:40
Show
View Real Time Build Order
Export as new Build Order

monk Protoss 

Build Orders:  

Get SALT Encoding   

  12  0:03  Probe (Chrono Boost)  
  13  0:18  Probe (Chrono Boost)  
  14  0:29  Probe (Chrono Boost)  
  16  0:40  Probe (Chrono Boost)  
  16  0:43  Gateway  
  17  0:51  Probe (Chrono Boost)  
  17  0:56  Assimilator  
  17  1:03  Probe (Chrono Boost)  
  18  1:14  Probe (Chrono Boost)  
  18  1:17  Assimilator  
  19  1:25  Probe (Chrono Boost)  
  20  1:36  Probe (Chrono Boost)  
  21  1:48  Probe (Chrono Boost)  
  22  1:52  Cybernetics Core  
  22  1:59  Probe (Chrono Boost)  
  24  2:10  Probe (Chrono Boost)  
  25  2:21  Probe (Chrono Boost)  
  25  2:32  Probe (Chrono Boost)  
  26  2:43  Robotics Facility, Probe (Chrono Boost)  
  26  2:48  Pylon  
  27  2:54  Probe (Chrono Boost)  
  28  3:16  Dragoon x2  
  28  3:17  Dragoon  
  34  3:53  Immortal  
  38  4:00  Probe  
  39  4:12  Immortal  
  39  4:17  Probe  
  44  4:34  Probe  
  45  4:51  Probe  
  45  4:58  Zealot  
  48  5:08  Immortal, Probe  
  51  5:11  Immortal  
  55  5:25  Probe  
  56  5:35  Immortal  
  60  6:04  Immortal  
  64  6:15  Probe  
  65  6:28  Immortal  
  69  6:32  Probe  
  68  7:07  Immortal  
  70  7:29  Nexus  
  70  7:38  Immortal  
  74  7:45  Probe  
  75  8:02  Probe  
  75  8:08  Robotics Bay  
  76  8:18  Forge  
  76  8:22  Probe (Chrono Boost)  
  77  8:37  Probe (Chrono Boost)  
  78  8:40  Assimilator  
  78  8:43  Assimilator  
  78  8:48  Probe (Chrono Boost)  
  80  9:00  Probe (Chrono Boost)  
  80  9:09  Protoss Ground Weapons Level 1  
  81  9:11  Probe (Chrono Boost)  
  81  9:17  Probe (Chrono Boost)  
  82  9:22  Probe (Chrono Boost)  
  82  9:27  Probe (Chrono Boost)  
  82  9:29  Improved Barrier  
  84  9:35  Probe (Chrono Boost)  
  84  9:39  Probe (Chrono Boost)  
  86  9:49  Probe (Chrono Boost)  
  87  9:53  Probe (Chrono Boost)  
  88  10:01  Reaver  
  88  10:04  Probe (Chrono Boost)  
  95  10:11  Zealot  
  95  10:19  Zealot  
  99  10:25  Reaver  
  99  10:26  Scarab Housing  
  103  10:49  Twilight Council  
  103  10:55  Solarite Payload  
  103  10:59  Pylon  
  103  11:02  Reaver  
  103  11:06  Observer  
  108  11:37  Reaver  
  114  11:55  Gateway  
  114  12:00  Gateway x2  
  114  12:03  Gateway  
  114  12:15  Protoss Ground Weapons Level 2 (Chrono Boost)  
  114  12:26  Whirlwind  
  114  12:40  Reaver  
  116  12:53  Gateway  
  116  12:54  Zealot  
  116  13:10  Stargate  
  116  13:27  Immortal x2  
  124  14:07  Zealot  
  126  14:18  Fleet Beacon  
  126  14:34  Reaver  
  132  14:46  Immortal  
  136  15:06  Protoss Air Weapons Level 1 (Chrono Boost)  
  136  15:13  Protoss Ground Weapons Level 3 (Chrono Boost)  
  136  15:33  Double Graviton Beam  
  136  16:03  Phoenix x2  
  138  16:17  Zealot  
  138  16:18  Zealot x2  
  138  16:19  Zealot  
  146  16:24  Phoenix  
  144  16:33  Anion Pulse-Crystals  
  144  16:45  Zealot x2  
  144  16:46  Zealot x2  
  144  16:47  Zealot  
  144  16:49  Zealot  
  152  16:50  Zealot  
  152  16:51  Zealot  
  152  16:53  Phoenix x2  
  152  16:59  Zealot  
  158  17:05  Immortal  
  152  17:16  Zealot x2  
  152  17:17  Zealot  
  154  17:26  Phoenix  
  150  17:30  Zealot x2  
  150  17:31  Zealot x2  
  150  17:34  Zealot x2  
  150  17:35  Zealot x2  
  156  17:42  Phoenix  
  150  17:53  Observer  
  150  17:56  Zealot  
  150  17:57  Zealot x3  
  155  18:07  Protoss Shields Level 1  
  147  18:24  Zealot x2  
  147  18:25  Zealot x3  
  157  18:31  Zealot x3  
  149  18:47  Phoenix x3  
  150  19:17  Protoss Air Weapons Level 2 (Chrono Boost)  
  150  19:37  Phoenix  
  152  19:40  Immortal  
  156  19:55  Zealot x3  
  156  19:56  Zealot x3  
  156  19:57  Zealot x3  
  174  20:08  Phoenix  
  174  20:09  Phoenix  
  174  20:34  Zealot  
  174  20:35  Zealot  
  176  20:41  Protoss Shields Level 2 (Chrono Boost)  
  176  20:44  Zealot x4  
  174  20:52  Zealot x4  
  174  20:57  Immortal x2  
  170  21:29  Phoenix x2  
  174  21:37  Zealot  
  174  21:38  Zealot x5  
  174  21:39  Zealot  
  188  21:47  Zealot  
  188  22:00  Zealot  
  188  22:01  Zealot  
  188  22:35  Zealot  
  188  22:36  Zealot x5  
  193  23:22  Zealot  
  176  23:43  Zealot x8  
  176  23:46  Phoenix x3  
  189  23:52  Immortal  
  141  24:16  Immortal  
Show
View Real Time Build Order
Export as new Build Order

sTkmonk Terran 

Build Orders:  

Get SALT Encoding   

Tags
 
Add a new tag
Caveats
  • Supply blocks, unpowered buildings, or Contaminate may cause inaccurate times.
  • Supply counts are checked every 10 seconds.